Map: [ESL] Inside and Out

Players

Elazer

  • Race: Zerg Zerg
  • Spawn Location: 7:00

MaxPax - Winner!

  • Race: Protoss Protoss
  • Spawn Location: 1:00

Event: DreamHack SC2 Masters 2022 Atlanta (Online)

VOD

Have the link to the VOD?

Description

Time

  • Played on: Oct. 13, 2022, 10:10 a.m.
  • Length: 7:09

All games in this series

Show
View Real Time Build Order
Export as new Build Order

Elazer Zerg 

Build Orders: Hatch First 

Get SALT Encoding   

  12  0:00  Drone  
  13  0:12  Overlord  
  13  0:17  Drone  
  14  0:30  Drone x2  
  16  0:50  Hatchery  
  16  0:51  Drone  
  16  0:54  Drone  
  17  0:58  Drone  
  18  1:09  Extractor  
  17  1:13  Spawning Pool  
  17  1:17  Drone  
  17  1:20  Drone  
  18  1:28  Drone  
  19  1:38  Drone  
  20  1:50  Overlord  
  20  2:00  Queen  
  22  2:01  Zergling x2  
  22  2:02  Queen  
  22  2:03  Drone  
  26  2:13  Zergling x2, Metabolic Boost  
  26  2:14  Drone  
  28  2:22  Drone  
  29  2:24  Drone  
  30  2:34  Drone  
  30  2:36  Drone  
  32  2:42  Hatchery  
  31  2:47  Queen  
  33  2:56  Drone x2  
  34  2:58  Overlord  
  34  3:04  Queen, Extractor  
  36  3:17  Drone x4  
  36  3:18  Drone  
  41  3:22  Queen  
  43  3:27  Spore Crawler  
  43  3:28  Drone  
  43  3:34  Overlord x2  
  43  3:51  Queen  
  43  3:52  Drone x5  
  43  3:53  Drone  
  51  3:56  Drone x3  
  51  3:59  Queen  
  51  4:02  Overlord  
  56  4:05  Zergling x2  
  56  4:07  Zergling x4  
  59  4:11  Zergling x2  
  59  4:13  Zergling x2  
  61  4:18  Zergling x8  
  65  4:33  Overlord  
  64  4:39  Drone x3  
  64  4:41  Drone  
  64  4:44  Spore Crawler, Drone  
  66  4:49  Overlord  
  66  4:52  Drone x5  
  70  4:58  Overlord  
  71  5:02  Zergling x4  
  71  5:05  Zergling x2  
  71  5:06  Queen x2  
  77  5:07  Spine Crawler  
  77  5:09  Zergling x8  
  77  5:13  Zergling x2  
  80  5:16  Roach Warren  
  80  5:19  Zergling x4  
  81  5:25  Zergling x8  
  83  5:29  Spine Crawler  
  83  5:34  Zergling x10  
  87  5:41  Spine Crawler  
  81  5:44  Zergling x6  
  81  5:49  Zergling x2  
  71  6:07  Drone x7  
  69  6:15  Zergling x2  
  69  6:16  Zergling x2  
  60  6:21  Roach  
  59  6:28  Roach x5  
  69  6:36  Spore Crawler  
  64  6:44  Drone  
  64  6:45  Zergling x6  
  61  6:51  Zergling x6  
Show
View Real Time Build Order
Export as new Build Order

MaxPax Protoss - Winner!

Build Orders: 1 Gate Expand, Mass Adepts 

Get SALT Encoding   

  12  0:00  Probe  
  13  0:12  Probe  
  14  0:17  Pylon  
  14  0:24  Probe (Chrono Boost)  
  15  0:36  Probe (Chrono Boost)  
  15  0:40  Gateway  
  16  0:45  Probe (Chrono Boost)  
  16  0:46  Assimilator  
  17  0:51  Probe  
  18  1:03  Probe  
  19  1:15  Probe  
  20  1:23  Nexus  
  20  1:32  Cybernetics Core  
  20  1:36  Probe  
  21  1:41  Assimilator  
  21  1:48  Probe  
  21  1:49  Pylon  
  22  2:00  Probe  
  23  2:06  Adept (Chrono Boost), Warp Gate (Chrono Boost)  
  23  2:12  Probe  
  26  2:24  Probe (Chrono Boost)  
  26  2:28  Stalker  
  29  2:35  Probe (Chrono Boost)  
  31  2:37  Gateway  
  31  2:39  Probe (Chrono Boost)  
  31  2:43  Gateway  
  32  2:44  Probe (Chrono Boost)  
  32  2:48  Probe (Chrono Boost)  
  34  2:52  Probe (Chrono Boost)  
  34  2:53  Probe (Chrono Boost)  
  35  3:00  Adept  
  35  3:02  Probe  
  35  3:04  Probe  
  39  3:11  Twilight Council  
  39  3:15  Probe  
  39  3:16  Probe  
  41  3:22  Robotics Facility  
  41  3:27  Probe  
  42  3:28  Probe  
  42  3:33  Pylon  
  43  3:36  Pylon  
  43  3:39  Probe  
  44  3:41  Resonating Glaives (Chrono Boost)  
  44  3:48  Adept  
  46  3:51  Adept x2  
  50  3:59  Gateway  
  50  4:01  Gateway  
  50  4:02  Gateway  
  50  4:08  Adept  
  50  4:09  Warp Prism  
  54  4:15  Adept  
  56  4:20  Adept  
  56  4:21  Probe  
  60  4:36  Adept  
  59  4:40  Adept x2, Pylon  
  57  4:45  Probe  
  57  4:46  Probe, Assimilator  
  57  4:59  Pylon  
  57  5:03  Adept x2, Dark Shrine  
  57  5:04  Adept x3  
  67  5:09  Adept  
  67  5:12  Pylon  
  69  5:17  Pylon  
  69  5:36  Adept x6  
  69  5:37  Probe  
  82  5:44  Probe  
  82  5:47  Pylon  
  77  6:03  Probe  
  78  6:07  Adept x5  
  78  6:08  Adept  
  78  6:11  Probe  
  79  6:15  Probe  
  72  6:22  Assimilator  
  66  6:27  Pylon  
  66  6:30  Dark Templar x2  
  70  6:33  Dark Templar  
  70  6:37  Probe  
  73  6:40  Probe  
  72  6:48  Nexus  
  72  6:49  Probe  
  71  6:52  Probe  
Tags
 
Add a new tag
Caveats
  • Supply blocks, unpowered buildings, or Contaminate may cause inaccurate times.
  • Supply counts are checked every 10 seconds.